 Dungeon Crawl Stone Soup version 0.30-a0-722-g3e6e8c874d (webtiles) character file.

Game seed: 3281685721606541186

965 IdlyInterested the Cutter (level 7, -4/52 HPs)
             Began as a Demonspawn Gladiator on Jan 26, 2023.
             Splashed by a jelly's acid (9 damage)
             ... on level 5 of the Dungeon on Jan 27, 2023.
             The game lasted 00:13:24 (4042 turns).

IdlyInterested the Cutter (Demonspawn Gladiator)    Turns: 4042, Time: 00:13:25

Health: -4/52      AC: -3    Str: 15    XL:     7   Next: 93%
Magic:  7/7        EV:  7    Int:  9    God:
Gold:   197        SH:  0    Dex: 16    Spells: 6/6 levels left

rFire   . . .      SeeInvis .    a - +0 rapier
rCold   . . .      Faith    .    (no shield)
rNeg    . . .      Spirit   .    l - +0 chain mail
rPois   .          Reflect  .    c - +0 helmet
rElec   .          Harm     .    (no cloak)
rCorr   .          Rampage  .    (no gloves)
Will    .....                    (no boots) Stlth
                                 (no amulet)
HPRegen 0.28/turn                q - +4 ring of protection
MPRegen 0.20/turn                (no ring)

@: corroded
A: demonic guardian 1, magic regeneration
a: no special abilities


You were on level 5 of the Dungeon.
You visited 1 branch of the dungeon, and saw 5 of its levels.

You collected 197 gold pieces.

Inventory:

Hand Weapons
 a - a +0 rapier (weapon)
Missiles
 d - 2 throwing nets
 e - a javelin
 i - 34 stones
 k - 19 poisoned darts (quivered)
 u - 5 boomerangs
Armour
 b - a +0 leather armour
 c - a +0 helmet (worn)
 l - a +0 chain mail (worn)
Jewellery
 q - a +4 ring of protection (left hand)
Wands
 p - a wand of light (6)
Scrolls
 f - 3 scrolls of poison {unknown}
 m - 2 scrolls of amnesia {unknown}
 r - a scroll of fog
 t - a scroll of enchant weapon {unknown}
Potions
 g - 2 potions of cancellation
 h - a potion of heal wounds
 j - a potion of ambrosia
 n - 6 potions of curing
 o - 2 potions of brilliance
 s - a potion of degeneration {unknown}


   Skills:
 - Level 3.0 Fighting
 * Level 7.9 Short Blades
 - Level 1.7 Throwing
 - Level 3.0 Dodging
 - Level 3.0 Stealth
 + Level 0.0 Spellcasting


You had 6 spell levels left.
You didn't know any spells.
Your spell library contained the following spells:

 Spells                   Type           Power      Damage    Failure   Level
 Kindle Blastsparks       Fire/Tloc/Air  0%         2d10      100%        3
 Cause Fear               Hex            0%         N/A       100%        4
 Fulminant Prism          Conj/Hex       0%         3d5       100%        4
 Iskenderun's Mystic Bla  Conj/Tloc      0%         2d3       100%        4
 Lee's Rapid Deconstruct  Erth           0%         3d4*      100%        5
 Dragon Form              Tmut           0%         N/A       100%        7
 Dragon's Call            Summ           0%         N/A       100%        9


Dungeon Overview and Level Annotations

Branches:
Dungeon (5/15)
 Temple: D:4-7

Altars:


Innate Abilities, Weirdness & Mutations

A weak demonic guardian rushes to your aid.
You regenerate magic rapidly.


Message History

A jelly comes into view.
Found 14 gold pieces.
The jelly quivers.
You hit the jackal but do no damage.
The jackal bites you but does no damage.
The jackal attacks as you move away!
The jackal bites you but does no damage.
The jackal closely misses you.
There is a large open door here.
The jackal attacks as you move away!
The jackal bites you but does no damage.
The jackal attacks as you move away! The jackal barely misses you. x2
The jackal bites you but does no damage.
The jackal attacks as you move away! The jackal closely misses you.
The jackal bites you but does no damage.
There is an open door here.
You barely miss the jackal.
The jackal bites you but does no damage.
You puncture the jackal!
You kill the jackal!
You hit the jelly.
Your hands burn!
The jelly is lightly wounded.
You barely miss the jelly.
The jelly is lightly wounded.
The jelly hits you. The acid corrodes you!
You are splashed with acid!
You hit the jelly but do no damage.
Your hands burn!
The jelly is lightly wounded.
The jelly hits you. The acid corrodes you!
You are splashed with acid!
You hit the jelly.
Your hands burn!
The jelly is moderately wounded.
The jelly hits you. The acid corrodes you!
You are splashed with acid!
* * * LOW HITPOINT WARNING * * *
A demonic guardian appears!
You hit the jelly.
Your hands burn!
* * * LOW HITPOINT WARNING * * *
The jelly is heavily wounded.
The jelly hits you.
* * * LOW HITPOINT WARNING * * *
The acid corrodes you!
You are splashed with acid!
You die...

#....#......#≈.⌠♣♣⌠...
#....#......#≈........
#....#......'.......$$
#...<#......'.......$.
#....#......#≈........
#....#......#≈.⌠♣♣⌠...
#.†..#.....5#≈.♣♣ ...
#....#####J##≈.♣ .
#.......#.@.#≈.⌠
#.......#...#≈...
#.......#...#≈≈≈≈
#.......#...####
#.......#......#
#...#######...##
#...##..###...####+
#....#....#........
#....#....#........


You could see a jelly (ally target) and a friendly shadow imp (summoned).

Vanquished Creatures
  A two-headed ogre (D:5)
  A jelly (D:4)
  An orc priest (D:3)
  Jessica (D:2)
  3 orc wizards
  A gnoll (D:1)
  5 adders
  3 worms
  11 orcs
  5 ball pythons
  8 endoplasms
  13 giant cockroaches
  8 hobgoblins
  3 jackals
  4 bats
  2 frilled lizards
  5 goblins
  9 kobolds
  4 rats
88 creatures vanquished.

Vanquished Creatures (collateral kills)
  A hound (D:4)
  A gnoll (D:1)
  A dart slug (D:2)
  3 orcs (D:3)
  A bat (D:1)
  An endoplasm (D:1)
  A goblin (D:1)
  A frilled lizard (D:1)
10 creatures vanquished.

Grand Total: 98 creatures vanquished

Notes
Turn   | Place    | Note
-------+----------+-------------------------------------------
     0 | D:1      | IdlyInterested the Demonspawn Gladiator began the quest for
                  | the Orb.
     0 | D:1      | Reached XP level 1. HP: 16/16 MP: 1/1
    59 | D:1      | Reached skill level 3 in Short Blades
   123 | D:1      | Gained mutation: A weak demonic guardian rushes to your
                  | aid. [demonic ancestry]
   123 | D:1      | Reached XP level 2. HP: 22/22 MP: 2/2
   297 | D:1      | HP: 1/22 [gnoll/+0 spear (4)]
   299 | D:1      | Gained mutation: You regenerate magic rapidly. [demonic
                  | ancestry]
   299 | D:1      | Reached XP level 3. HP: 2/27 MP: 3/3
   542 | D:1      | Reached skill level 1 in Stealth
  1148 | D:2      | Noticed Jessica
  1160 | D:2      | Killed Jessica
  1161 | D:2      | Reached skill level 4 in Short Blades
  1161 | D:2      | Reached XP level 4. HP: 33/33 MP: 4/4
  2445 | D:3      | Reached XP level 5. HP: 38/38 MP: 5/5
  2702 | D:3      | Reached skill level 5 in Short Blades
  3043 | D:4      | Upgraded the game from 0.30-a0-719-gcc4359ea44 to
                  | 0.30-a0-722-g3e6e8c874d
  3224 | D:4      | Reached XP level 6. HP: 44/44 MP: 6/6
  3741 | D:5      | Entered Level 5 of the Dungeon
  3959 | D:5      | Noticed a two-headed ogre
  3974 | D:5      | Killed a two-headed ogre
  3975 | D:5      | Reached skill level 7 in Short Blades
  3975 | D:5      | Reached XP level 7. HP: 44/52 MP: 7/7
  4042 | D:5      | Splashed by a jelly's acid

Illustrated notes

Levels and vault maps discovered:
D:1:      dpeg_arrival_radiant, layout_rooms, reono_crystal_passage
D:2:      layout_loops_corners, corexii_corridor_pit, uniq_jessica
D:3:      wander_river, layout_rooms, nicolae_kite_square_tiling_tiny
D:4:      layout_gridville
D:5:      layout_gridville, kennysheep_dice

Skill      XL: |  1  2  3  4  5  6 |
---------------+-------------------+-----
Short Blades   | 3 4 5 7 |  7.9
Dodging        | 3 |  3.0
Stealth        | 1 2 3 |  3.0
Fighting       | 3 |  3.0
Throwing       | |  1.7

Action                     |  1- 3 |  4- 6 |  7- 9 || total
---------------------------+-------+-------+-------++-------
  Melee: Rapier            |   116 |   312 |     8 ||   436
         Punch             |     2 |     3 |       ||     5
  Throw: Dart              |     3 |     9 |       ||    12
         Throwing net      |       |     1 |       ||     1
  Evoke: Wand              |       |     1 |       ||     1
    Use: Scroll            |     3 |     4 |       ||     7
         Potion            |     1 |       |       ||     1
 Armour: Leather armour    |    29 |       |       ||    29
         Chain mail        |    28 |   176 |     6 ||   210
  Dodge: Dodged            |    64 |   100 |     4 ||   168

Table legend: (Time is in decaauts)
 A = Elapsed time spent in this place.
 B = Non-inter-level travel time spent in this place.
 C = Inter-level travel time spent in this place.
 D = Time resting spent in this place.
 E = Time spent auto-exploring this place.
 F = Levels seen in this place.
 G = Mean time per level.
                   A        B        C        D        E       F      G
               +--------+--------+--------+--------+--------+-----+--------+
         Total |   4044 |   3555 |    489 |    453 |   2043 |   5 |  808.8 |
       Dungeon |   4044 |   3555 |    489 |    453 |   2043 |   5 |  808.8 |
               +--------+--------+--------+--------+--------+-----+--------+

Top non-repeatable levels by time:
     D:2: 1282 daAuts
     D:1: 884 daAuts
     D:3: 851 daAuts
     D:4: 814 daAuts
     D:5: 210 daAuts
